 Dungeon Crawl Stone Soup version 0.24-a0-244-ga6a6ab7d13 (webtiles) character file.

Game seed: 9944619042202241715

37 Hercules1031 the Ducker (level 3, 0/19 HPs)
             Began as a Spriggan Monk on Apr 11, 2019.
             Slain by a jackal (3 damage)
             ... on level 2 of the Dungeon.
             The game lasted 00:02:50 (908 turns).

Hercules1031 the Ducker (Spriggan Monk)              Turns: 908, Time: 00:02:50

Health: 0/19       AC:  2    Str:  7    XL:     3   Next: 21%
Magic:  4/4        EV: 21    Int: 11    God:
Gold:   40         SH:  0    Dex: 19    Spells: 2/2 levels left

rFire    . . .     SeeInvis +   a - +0 short sword
rCold    . . .     Gourm    .   (shield restricted)
rNeg     . . .     Faith    .   b - +0 robe
rPois    .         Spirit   .   (helmet restricted)
rElec    .         Reflect  .   (no cloak)
rCorr    .         Harm     .   (gloves unavailable)
MR       .....                  (boots unavailable)
Stlth    +++.......             (no amulet)
HPRegen  0.06/turn              (no ring)
MPRegen  0.09/turn              (no ring)

@: lethally poisoned (0 -> -4), very quick
A: very small, unfitting armour, see invisible, herbivore, speed 3, slow
metabolism 2
a: no special abilities


You were on level 2 of the Dungeon.
You were not hungry.

You visited 1 branch of the dungeon, and saw 2 of its levels.

You collected 40 gold pieces.

Inventory:

Hand Weapons
 a - a +0 short sword (weapon)
Armour
 b - a +0 robe (worn)
Scrolls
 d - a scroll of fear {unknown}
 f - a scroll of magic mapping {unknown}
 g - a scroll of teleportation {unknown}
 h - a scroll of immolation {unknown}
 i - 2 scrolls of enchant weapon {unknown}
 j - 2 scrolls of identify {unknown}
 k - a scroll of blinking {unknown}
Comestibles
 c - 2 rations


   Skills:
 + Level 2.6 Fighting
 + Level 3.6 Short Blades
 + Level 4.8 Dodging
 * Level 4.3 Stealth


You had 2 spell levels left.
You didn't know any spells.
Your spell library was empty.

Dungeon Overview and Level Annotations

Branches:
Dungeon (2/15)

Altars:


Innate Abilities, Weirdness & Mutations

You are very small and have problems with some larger weapons.
You are too small for most types of armour.
You have supernaturally acute eyesight. (SInv)
You are a herbivore.
You cover ground extremely quickly.
You need to consume almost no food.


Message History

You hit the jackal.
The jackal is lightly wounded.
The jackal completely misses you.
You hit the jackal.
The jackal is moderately wounded.
The jackal completely misses you. x2
You hit the jackal.
The jackal is heavily wounded.
* * * LOW HITPOINT WARNING * * *
You feel sick. The jackal misses you.
You hit the jackal.
The jackal is severely wounded.
The jackal barely misses you.
You hit the jackal but do no damage.
The jackal is severely wounded.
The jackal completely misses you. x2
You hit the jackal but do no damage.
The jackal is severely wounded.
The jackal bites you.
You die...

## ## [... ###.
.###.......#. ...#?..
......... #?..##
........#
#@###...#...#.#
.#.#h##.#.....%.#
..###h...........
#.#.#..###........ #.
#.............. [
##.##........#####..#
.......#..#......> .
#.#..........####.#
#...#......#..# #.#


You could see 2 jackals.

Vanquished Creatures
  An adder (D:2)
  A ball python (D:2)
  3 bats (D:1)
  2 giant cockroaches
  A goblin (D:1)
  7 hobgoblins (D:1)
  2 jackals (D:2)
  A quokka (D:2)
  2 frilled lizards (D:1)
  A kobold (D:1)
  4 rats (D:1)
25 creatures vanquished.

Notes
Turn   | Place    | Note
-------+----------+-------------------------------------------
     0 | D:1      | Hercules1031 the Spriggan Monk began the quest for the Orb.
     0 | D:1      | Reached XP level 1. HP: 11/11 MP: 2/2
   121 | D:1      | Reached XP level 2. HP: 8/16 MP: 3/3
   892 | D:2      | Reached XP level 3. HP: 7/19 MP: 4/4
   908 | D:2      | Slain by a jackal

Levels and vault maps discovered:
D:1:      lightli_arrival_maybe_door_vault, layout_basic, minivault_24
D:2:      layout_loops_ring, first_ration, minmay_misc_feat_plants

Skill      XL: |  1  2 |
---------------+-------+-----
Stealth        | 4 |  4.3
Fighting       | |  2.6
Short Blades   | |  3.6
Dodging        | |  4.8

Action                   || total
-------------------------++-------
Melee: Short sword       ||   110
  Use: Potion            ||     1
 Stab: Sleeping          ||     3
Armor: Robe              ||    11
Dodge: Dodged            ||   119

Table legend:
 A = Non-vault XP
 B = Vault XP
 C = Vault XP percentage of total XP
 D = Non-vault monster count
 E = Vault monster count
 F = Vault count percentage of total count
                 A         B        C        D         E       F
            +---------+---------+-------+---------+---------+-------
      Total |      53 |       0 |   0.0 |      25 |       0 |   0.0
            +---------+---------+-------+---------+---------+-------
        D:1 |      30 |       0 |   0.0 |      19 |       0 |   0.0
        D:2 |      23 |       0 |   0.0 |       6 |       0 |   0.0
            +---------+---------+-------+---------+---------+-------
